 Dungeon Crawl Stone Soup version 0.30.0-19-g36f170ea60 (webtiles) character file.

Game seed: 9517427539582158830

7 Brutalitops the Grave Robber (level 1, 0/14 HPs)
             Began as an Armataur Necromancer on May 28, 2023.
             Succumbed to a kobold's poison
             ... on level 1 of the Dungeon.
             The game lasted 00:01:37 (209 turns).

Brutalitops the Grave Robber (Armataur Necromancer)  Turns: 209, Time: 00:01:37

Health: 0/14       AC:  4    Str: 13    XL:     1   Next: 91%
Magic:  3/3        EV:  9    Int: 15    God:
Gold:   12         SH:  0    Dex: 10    Spells: 2/3 levels left

rFire   . . .        f - +1 dagger (elec)
rCold   . . .        (no shield)
rNeg    . . .        a - +0 robe
rPois   .            (no helmet)
rElec   .            (no cloak)
rCorr   .            (no gloves)
SInv    .            (no barding)
Will    +....        (no amulet)
Stlth   ++           h - ring of willpower
HPRegen 0.22/turn    (no ring)
MPRegen 0.08/turn

%: roll
@: lethally poisoned (0 -> -2)
A: large, rugged brown scales 3, deformed body, armoured tail, roll, long
tongue, awkward tongue
a: no special abilities


You were on level 1 of the Dungeon.
You visited 1 branch of the dungeon, and saw 1 of its levels.

You collected 12 gold pieces.

Inventory:

Hand Weapons
 d - a +0 dagger
 f - a +1 dagger of electrocution (weapon)
Missiles
 e - 4 silver javelins (quivered)
 g - 4 curare-tipped darts
Armour
 a - a +0 robe (worn)
Jewellery
 h - a ring of willpower (left hand)
Potions
 b - a potion of magic


   Skills:
 + Level 0.1 Fighting
 + Level 1.1 Short Blades
 + Level 0.2 Polearms
 + Level 0.1 Throwing
 - Level 1.3 Dodging
 - Level 2.1 Stealth
 - Level 1.7 Spellcasting
 - Level 3.2 Necromancy


You had 2 spell levels left.
You knew the following spells:

 Your Spells              Type           Power      Damage    Failure   Level
a - Necrotise             Necr           44%        1d6       6%          1

Your spell library contained the following spells:

 Spells                   Type           Power      Damage    Failure   Level
 Vampiric Draining        Necr           11%        2d6       19%         3
 Animate Dead             Necr           11%        N/A       52%         4
 Agony                    Necr           11%        N/A       86%         5


Dungeon Overview and Level Annotations

Branches:
Dungeon (1/15)

Altars:


Innate Abilities, Weirdness & Mutations

You are completely covered in rugged brown scales. (AC +3, +7% HP)
Armour fits poorly on your strangely shaped body.
You have a long armoured tail.
You roll when moving toward enemies. (Rampage)
Your long tongue fully drains potion bottles. (2x potion effects)
Your tongue gives you trouble enunciating. (1.5x scroll delay)


Message History

You kill the endoplasm!
As you open the door, it creaks loudly!
A kobold comes into view. It is wielding a +0 club.
You roll towards the kobold!
The kobold throws a stone.
The stone barely misses you.
You roll towards the kobold!
Found 7 gold pieces.
The kobold hits you with a +0 club.
You closely miss the kobold. The kobold barely misses you.
You completely miss the kobold. The kobold barely misses you.
You closely miss the kobold. The kobold hits you but does no damage.
You barely miss the kobold. The kobold barely misses you.
You closely miss the kobold. The kobold hits you with a +0 club.
You hit the kobold.
You kill the kobold!
Your Short Blades skill increases to level 1!
HP restored.
A kobold comes into view. It is wielding a +0 dagger of venom.
An endoplasm comes into view.
Found a twisted agate ring.
The kobold shouts!
The endoplasm quivers.
You barely miss the kobold.
The kobold hits you with a +0 dagger of venom.
You are poisoned.
You hit the kobold. Lightning courses through the kobold!
You kill the kobold!
You feel sick. The endoplasm hits you.
Okay, then.
You hit the endoplasm but do no damage.
You feel sick. The endoplasm freezes you.
You are frozen.
* * * LOW HITPOINT WARNING * * *
* * * LOW HITPOINT WARNING * * *
You feel sick.
* * * LOW HITPOINT WARNING * * *
You feel sick. The endoplasm closely misses you.
The air fills with toxic fumes!
As you slowly read the scroll labelled DICZEOFIKOTI, it crumbles to dust.
It was a scroll of poison.
You die...

.#######.###.#
#.# .# ###'###.#
#§# .# #....##.#
#§# .# #....##.#
#§# .# #....##.#
#§# .
###..)§##+###§#
#......§§§§§##§#
+......§§§§§§§§#
#......§§§§§§§@#
######+#+#+#§J§#
#§§§#
#..§§§§§§...#
#.§§#§§§§.....
.§§§§§§§§§#####
####§#§##§#
###§# §# ..# .#


You could see an endoplasm.

Vanquished Creatures
  An endoplasm (D:1)
  A goblin (D:1)
  A hobgoblin (D:1)
  3 kobolds (D:1)
  A rat (D:1)
7 creatures vanquished.

Notes
Turn   | Place    | Note
-------+----------+-------------------------------------------
     0 | D:1      | Brutalitops the Armataur Necromancer began the quest for
                  | the Orb.
     0 | D:1      | Reached XP level 1. HP: 14/14 MP: 3/3
   191 | D:1      | Reached skill level 1 in Short Blades
   209 | D:1      | Succumbed to a kobold's poison

Illustrated notes

Levels and vault maps discovered:
D:1:      wander_arrival_fairy_ring, layout_basic

Skill      XL: |  1 |
---------------+----+-----
Short Blades   | 1 |  1.1
Fighting       | |  0.1
Polearms       | |  0.2
Throwing       | |  0.1
Dodging        | |  1.3
Stealth        | |  2.1
Spellcasting   | |  1.7
Necromancy     | |  3.2

Action                     || total
---------------------------++-------
  Melee: Dagger            ||    16
  Throw: Javelin           ||     1
   Cast: Necrotise         ||     3
    Use: Scroll            ||     1
   Stab: Sleeping          ||     1
 Armour: Robe              ||     3
  Dodge: Dodged            ||     6
